 Dungeon Crawl Stone Soup version 0.30-a0-920-g7493c07aab (webtiles) character file.

Game seed: 16405230594211946626

490 Darkkill the Shooter (level 6, 0/55 HPs)
             Began as a Minotaur Hunter on Mar 20, 2023.
             Slain by a gnoll sergeant
             ... wielding a +5 spear of flaming
              (1 damage)
             ... on level 5 of the Dungeon on Mar 21, 2023.
             The game lasted 00:08:43 (4085 turns).

Darkkill the Shooter (Minotaur Hunter)              Turns: 4085, Time: 00:08:44

Health: 0/55       AC:  5    Str: 15    XL:     6   Next: 90%
Magic:  5/5        EV: 18    Int:  6    God:
Gold:   351        SH:  5    Dex: 16    Spells: 5/5 levels left

rFire   . . .      SeeInvis +    a - +0 shortbow
rCold   . . .      Faith    .    (shield currently unavailable)
rNeg    . . .      Spirit   .    c - +0 leather armour
rPois   .          Reflect  +    (helmet restricted)
rElec   .          Rampage  .    f - +1 cloak
rCorr   .                        (no gloves)
Will    .....                    (no boots)
Stlth   ++                       e - amulet of reflection
HPRegen 0.29/turn                j - ring of see invisible
MPRegen 0.09/turn                r - +5 ring of evasion

@: studying Shields
A: horns 2, retaliatory headbutt
a: no special abilities


You were on level 5 of the Dungeon.
You visited 1 branch of the dungeon, and saw 5 of its levels.
You also visited: Sewer.

You collected 351 gold pieces.

Inventory:

Hand Weapons
 a - a +0 shortbow (weapon)
 b - the +0 mace "Luang" {pain, Int+2 SInv}
   (You found it in a sewer)

   Int:       It affects your intelligence (+2).
   SInv:      It lets you see invisible.
Missiles
 i - 37 stones
Armour
 c - a +0 leather armour (worn)
 f - a +1 cloak (worn)
Jewellery
 e - an amulet of reflection (around neck)
 j - a ring of see invisible (left hand)
 r - a +5 ring of evasion (right hand)
Wands
 o - a wand of flame (25)
 t - a wand of mindburst (20)
Scrolls
 g - 3 scrolls of poison
 u - a scroll of butterflies
 v - 3 scrolls of immolation
Potions
 d - a potion of brilliance {unknown}
 h - 2 potions of invisibility {unknown}
 k - a potion of mutation {unknown}
 l - 2 potions of might
 m - a potion of heal wounds {unknown}
 n - a potion of resistance {unknown}
 p - 2 potions of flight {unknown}
 q - a potion of curing {unknown}
 s - a potion of attraction {unknown}
 w - a potion of lignification {unknown}


   Skills:
 + Level 4.9 Fighting
 + Level 5.9 Ranged Weapons
 + Level 4.4 Dodging
 + Level 3.3 Stealth


You had 5 spell levels left.
You didn't know any spells.
Your spell library contained the following spells:

 Spells                   Type           Power      Damage    Failure   Level
 Freezing Cloud           Conj/Ice/Air   0%         6-21      100%        5
 Simulacrum               Ice/Necr       0%         N/A       100%        6
 Polar Vortex             Ice            0%         N/A       100%        9


Dungeon Overview and Level Annotations

Branches:
Dungeon (5/15)              Sewer (visited)
 Temple: D:4-7

Altars:
Wu Jian

Shops:
D:1 !

Annotations:
D:4 1 runed translucent door, Crazy Yiuf


Innate Abilities, Weirdness & Mutations

You have a pair of horns on your head.
You reflexively headbutt those who attack you in melee.


Message History

You tear a large gash into the net.
You struggle against the net.
You rip the net and break free!
You block the gnoll's attack. 2 gnolls come into view.
You block the gnoll's attack.
Fire: a) +0 shortbow
Press: ? - help, Q - select action, (/) - cycle Shift-Dir - straight line, f/p - gnoll
Aim: a gnoll, wielding a +0 spear, wearing a +0 scale mail and quivering a throwing net (almost dead, 71% to hit)
You shoot an arrow. The arrow hits the gnoll.
The gnoll is almost dead.
The gnoll sergeant splashes around in the water.
A gnoll comes into view. It is wielding a +0 club.
The gnoll drinks a potion.
The gnoll seems to grow stronger.
Fire: a) +0 shortbow
Press: ? - help, Q - select action, (/) - cycle Shift-Dir - straight line, f/p - gnoll
Aim: a gnoll, wielding a +0 spear, wearing a +0 scale mail and quivering a throwing net (almost dead, strong, 71% to hit)
You shoot an arrow. The arrow barely misses the gnoll.
The gnoll sergeant splashes around in the water.
The gnoll barely misses you.
An iguana comes into view.
The gnoll misses you.
The gnoll sergeant hits you from afar with a +5 spear of flaming.
The gnoll sergeant burns you.
Fire: a) +0 shortbow
Press: ? - help, Q - select action, (/) - cycle Shift-Dir - straight line, f/p - gnoll
Aim: a gnoll, wielding a +0 spear, wearing a +0 scale mail and quivering a throwing net (almost dead, strong, 71% to hit)
You shoot an arrow. The iguana hisses angrily.
The arrow hits the gnoll!
You kill the gnoll!
The gnoll hits you with a +0 flail!
The gnoll sergeant hits you from afar with a +5 spear of flaming!
The gnoll sergeant burns you. The gnoll closely misses you.
You furiously retaliate!
You headbutt the gnoll!
Fire: a) +0 shortbow
Press: ? - help, Q - select action, (/) - cycle Shift-Dir - straight line, f - gnoll
Aim: a gnoll, wielding a +0 flail (severely wounded, 68% to hit)
You shoot an arrow. The arrow hits the gnoll.
The gnoll is almost dead.
The gnoll sergeant misses you. You block the gnoll's attack.
Fire: a) +0 shortbow
Press: ? - help, Q - select action, (/) - cycle Shift-Dir - straight line, f/p - gnoll
Aim: a gnoll, wielding a +0 flail (almost dead, 68% to hit)
You shoot an arrow. The arrow hits the gnoll!
You kill the gnoll!
The gnoll barely misses you. The gnoll sergeant closely misses you.
The gnoll closely misses you. You furiously retaliate!
You headbutt the gnoll!
Fire: a) +0 shortbow
Press: ? - help, Q - select action, (/) - cycle Shift-Dir - straight line, f - gnoll
Aim: a gnoll, wielding a +0 club (68% to hit)
You shoot an arrow. The arrow barely misses the gnoll.
The gnoll sergeant misses you. The gnoll barely misses you.
The gnoll sergeant hits you from afar with a +5 spear of flaming!
The gnoll sergeant burns you.
* * * LOW HITPOINT WARNING * * *
Fire: a) +0 shortbow
Press: ? - help, Q - select action, (/) - cycle Shift-Dir - straight line, f/p - gnoll
Aim: a gnoll, wielding a +0 club (68% to hit)
Okay, then.
Aiming: Mindburst
Press: ? - help, Q - select action, (/) - cycle Shift-Dir - straight line, f/p - gnoll
Aim: a gnoll, wielding a +0 club (chance to affect: 72%)
The gnoll's mind is blasted!
The gnoll hits you with a +0 club.
* * * LOW HITPOINT WARNING * * *
The gnoll completely misses you. The gnoll hits you but does no damage.
You block the gnoll sergeant's attack.
Aiming: Mindburst
Press: ? - help, Q - select action, (/) - cycle Shift-Dir - straight line, f/p - gnoll
Aim: a gnoll, wielding a +0 club (almost dead, chance to affect: 72%)
The gnoll struggles to resist.
The gnoll misses you. You block the gnoll's attack.
The gnoll barely misses you. The gnoll sergeant barely misses you.
Aiming: Mindburst
Press: ? - help, Q - select action, (/) - cycle Shift-Dir - straight line, f/p - gnoll
Aim: a gnoll, wielding a +0 club (almost dead, chance to affect: 72%)
The gnoll's mind is blasted!
You blow up the gnoll!
You hear a splash.
The gnoll hits you but does no damage.
The gnoll sergeant completely misses you.
Unknown command.
The iguana bites you!
* * * LOW HITPOINT WARNING * * *
The gnoll misses you.
Aiming: Mindburst
Press: ? - help, Q - select action, (/) - cycle Shift-Dir - straight line, f - gnoll
Aim: a gnoll, wielding a +0 club (chance to affect: 72%)
The gnoll's mind is blasted!!
You blow up the gnoll!
The iguana barely misses you. The gnoll misses you.
The gnoll sergeant hits you from afar with a +5 spear of flaming.
* * * LOW HITPOINT WARNING * * *
The gnoll sergeant burns you.
* * * LOW HITPOINT WARNING * * *
The iguana misses you.
The gnoll sergeant hits you from afar with a +5 spear of flaming.
* * * LOW HITPOINT WARNING * * *
The gnoll sergeant burns you.
You die...

#...................
#.#..##............
#.#..##.#####...####
#..................#
###..###.##≈~~~~##.#
####..# #.##≈≈~≈≈##.#
.##†..# #.~~~.÷..~~.#
.##.#.# #.~~.....~~.##
......###.~~....@....#
.##.###...~~.)gl.~~..#
...)#
#.#.~~..)g.~~.....
>####
#...##~~.~≈##.#.## ##
#.. #~~.~~# .# # #
........ . ##........
. #..#...... .#
......#..#.


You could see a gnoll sergeant, an iguana and a gnoll.

Vanquished Creatures
  An ice beast (D:5)
  2 bullfrogs (Sewer)
  2 iguanas
  Robin (D:4)
  4 gnolls (D:5)
  5 adders
  3 worms
  A dart slug (D:4)
  5 orcs (D:3)
  9 ball pythons
  6 endoplasms
  8 giant cockroaches
  14 goblins
  10 hobgoblins
  3 jackals (D:2)
  6 kobolds
  10 quokkas
  5 bats
  12 frilled lizards
  3 rats
110 creatures vanquished.

Notes
Turn   | Place    | Note
-------+----------+-------------------------------------------
     0 | D:1      | Darkkill the Minotaur Hunter began the quest for the Orb.
     0 | D:1      | Reached XP level 1. HP: 18/18 MP: 0/0
    60 | D:1      | Found Adghe's Distillery.
    70 | D:1      | Reached skill level 1 in Stealth
   171 | D:1      | Reached XP level 2. HP: 25/25 MP: 1/1
  1113 | D:2      | Reached XP level 3. HP: 31/31 MP: 2/2
  1629 | D:3      | Reached XP level 4. HP: 33/38 MP: 3/3
  2432 | D:4      | Reached skill level 5 in Ranged Weapons
  2517 | D:4      | Noticed Robin
  2523 | D:4      | Killed Robin
  2610 | D:4      | HP: 8/40 [iguana (11)]
  2614 | D:4      | Reached XP level 5. HP: 10/46 MP: 4/4
  2616 | D:4      | HP: 8/46 [adder (3)]
  2917 | D:4      | Found an ornate altar of the Wu Jian Council.
  3083 | D:4      | Found a runed translucent door.
  3084 | D:4      | Noticed Crazy Yiuf
  3440 | D:5      | Entered Level 5 of the Dungeon
  3481 | D:5      | Noticed an ice beast
  3494 | D:5      | Killed an ice beast
  3495 | D:5      | Reached XP level 6. HP: 24/52 MP: 5/5
  3610 | D:5      | Found a glowing drain.
  3624 | Sewer    | Entered a sewer
  3850 | Sewer    | Identified the +0 mace "Luang" {pain, Int+2 SInv}
  4066 | D:5      | Upgraded the game from 0.30-a0-918-g0ff054e9dc to
                  | 0.30-a0-920-g7493c07aab
  4082 | D:5      | HP: 8/55 [iguana (8)]
  4083 | D:5      | HP: 2/55 [gnoll sergeant/+5 spear of flaming (2)]
  4085 | D:5      | Slain by a gnoll sergeant

Illustrated notes

Levels and vault maps discovered:
D:1:      sevenhm_arrival_forest_fort_small_3, layout_basic, serial_shops,
          shop_fountains, minmay_vboxes
D:2:      layout_rooms, kennysheep_nub
D:3:      minmay_inner_zag, layout_basic, minmay_misc_feat_square
D:4:      layout_loops_corners, lemuel_tele_altar, uniq_robin,
          uniq_crazy_yiuf_cottage
D:5:      layout_loops_cross, mainiacjoe_overflow_alcove_1,
          lemuel_coloured_pillars_altar, cheibrodos_sewer_entry_sluice

Skill      XL: |  1  2  3  4  5  6 |
---------------+-------------------+-----
Stealth        | 1 2 3 |  3.3
Fighting       | 3 4 |  4.9
Dodging        | 3 4 |  4.4
Ranged Weapons | 5 |  5.9

Action                     |  1- 3 |  4- 6 || total
---------------------------+-------+-------++-------
   Fire: Shortbow          |   106 |   155 ||   261
  Evoke: Wand              |       |     4 ||     4
    Use: Scroll            |     4 |     2 ||     6
 Armour: Leather armour    |     3 |    10 ||    13
  Dodge: Dodged            |    13 |    56 ||    69
  Block: Other             |     1 |    19 ||    20
         Reflection        |       |     2 ||     2

Table legend: (Time is in decaauts)
 A = Elapsed time spent in this place.
 B = Non-inter-level travel time spent in this place.
 C = Inter-level travel time spent in this place.
 D = Time resting spent in this place.
 E = Time spent auto-exploring this place.
 F = Levels seen in this place.
 G = Mean time per level.
                   A        B        C        D        E       F      G
               +--------+--------+--------+--------+--------+-----+--------+
         Total |   4240 |   4145 |     95 |    100 |   3494 |   6 |  706.7 |
       Dungeon |   3703 |   3608 |     95 |    100 |   3064 |   5 |  740.6 |
         Sewer |    537 |    537 |      0 |      0 |    430 |   1 |  537.0 |
               +--------+--------+--------+--------+--------+-----+--------+

Top non-repeatable levels by time:
     D:4: 1134 daAuts
     D:1: 1011 daAuts
     D:3: 943 daAuts
   Sewer: 537 daAuts
     D:2: 402 daAuts
     D:5: 211 daAuts

Table legend:
 A = Kills in this place as a percentage of kills in the entire game.
 B = Kills by you in this place as a percentage of kills by you in the entire game.
 C = Kills by friends in this place as a percentage of kills by friends in the entire game.
 D = Other kills in this place as a percentage of other kills in the entire game.
 E = Experience gained in this place as a percentage of experience gained in the entire game.
 F = Experience gained in this place divided by the number of levels of this place that you have seen.
                   A       B       C       D       E      F
               +-------+-------+-------+-------+-------+----------------------
         Total | 100.0 | 100.0 |   N/A |   N/A | 100.0 | 116.7
       Dungeon |  80.0 |  80.0 |   N/A |   N/A |  66.3 |  92.8
         Sewer |  20.0 |  20.0 |   N/A |   N/A |  33.7 | 236.0
               +-------+-------+-------+-------+-------+----------------------
